 Dungeon Crawl Stone Soup version 0.29.0-13-gc9e81de378 (webtiles) character file.

Game seed: 9855563094300241423

81 styxcanada the Sneak (level 4, -6/23 HPs)
             Began as a Spriggan Brigand on Sept 8, 2022.
             Mangled by Natasha (9 damage)
             ... on level 2 of the Dungeon.
             The game lasted 00:03:41 (1285 turns).

styxcanada the Sneak (Spriggan Brigand)             Turns: 1285, Time: 00:03:41

Health: -6/23      AC:  2    Str:  7    XL:     4   Next: 19%
Magic:  5/5        EV: 17    Int: 12    God:
Gold:   113        SH:  0    Dex: 18    Spells: 3/3 levels left

rFire   . . .      SeeInvis +   a - +2 dagger
rCold   . . .      Faith    .   (no shield)
rNeg    . . .      Spirit   .   b - +0 robe
rPois   +          Reflect  .   (helmet restricted)
rElec   .          Harm     .   n - scarf {+Inv}
rCorr   .          Rampage  .   (gloves unavailable)
Will    .....                   (boots unavailable)
Stlth   ++++......              (no amulet)
HPRegen 0.07/turn               q - ring of poison resistance
MPRegen 0.09/turn               (no ring)

@: very quick
A: very small, no large weapons, unfitting armour, see invisible, speed 3
a: Evoke Invisibility


You were on level 2 of the Dungeon.
You visited 1 branch of the dungeon, and saw 2 of its levels.

You collected 113 gold pieces.

Inventory:

Hand Weapons
 a - a +2 dagger (weapon)
Missiles
 d - 11 poisoned darts (quivered)
 e - 3 curare-tipped darts
 i - 20 stones
Armour
 b - a +0 robe (worn)
 c - a +0 cloak
 n - a scarf of invisibility (worn)
Jewellery
 q - a ring of poison resistance (left hand)
Scrolls
 f - 2 scrolls of teleportation {unknown}
 h - 2 scrolls of fear {unknown}
 j - a scroll of brand weapon {unknown}
 k - a scroll of immolation {unknown}
 l - 3 scrolls of identify {unknown}
 o - a scroll of silence {unknown}
Potions
 g - a potion of might {unknown}
 m - a potion of heal wounds {unknown}
 p - a potion of curing {unknown}


   Skills:
 * Level 1.9 Fighting
 + Level 2.4 Short Blades
 + Level 2.1 Throwing
 * Level 2.2 Dodging
 * Level 7.9 Stealth
 * Level 0.1 Evocations


You had 3 spell levels left.
You didn't know any spells.
Your spell library contained the following spells:

 Spells                   Type           Power      Damage    Failure   Level
 Portal Projectile        Hex/Tloc       0%         N/A       69%         3
 Tukima's Dance           Hex            0%         N/A       69%         3
 Blade Hands              Tmut           0%         N/A       100%        5


Dungeon Overview and Level Annotations

Branches:
Dungeon (2/15)

Altars:

Annotations:
D:2 Natasha


Innate Abilities, Weirdness & Mutations

You are very small and have problems with some larger weapons.
You are too small for most types of armour.
You have supernaturally acute eyesight. (SInv)
You cover ground extremely quickly. (Speed+++)


Message History

The goblin shouts!
You hit the goblin.
The goblin is heavily wounded.
The goblin completely misses you.
You hit the goblin.
You kill the goblin!
Natasha, Servant of Life and Death comes into view.
You see here a +0 club.
There is an open door here.
A rat comes into view.
Natasha hisses angrily.
You hit Natasha.
Natasha is lightly wounded.
Natasha claws you!
You barely miss Natasha.
Natasha is lightly wounded.
Natasha claws you!
You hit Natasha but do no damage.
Natasha is lightly wounded.
Natasha misses you.
You hit Natasha but do no damage.
Natasha is lightly wounded.
Natasha closely misses you.
You hit Natasha.
Natasha is heavily wounded.
Natasha casts a spell at you. The magic dart hits you.
* * * LOW HITPOINT WARNING * * *
You hit Natasha.
Natasha is severely wounded.
Natasha claws you.
* * * LOW HITPOINT WARNING * * *
There is an open door here.
Throw: 12 darts (poison)
Press: ? - help, Q - select action, (/) - cycle Shift-Dir - straight line, f - Natasha
Aim: Natasha (severely wounded, 55% to hit)
You throw a poisoned dart. The poisoned dart hits Natasha.
Natasha is poisoned.
Natasha is severely wounded.
Natasha claws you!
You die...

#.. .# ..# .# # #.#
#'## #. #.# ##...##
#..# #.# ##.....##
#.... #.###.......##
#.#...#.##..)......#
#........r(h@......+
###...####)........#
##. ##.......## ..
##...^.## .# ##...##
# ##'## #†# #.#
##.##


You could see Natasha (poisoned) and a rat.

Vanquished Creatures
  A scorpion (D:2)
  2 endoplasms (D:1)
  2 giant cockroaches (D:1)
  A goblin (D:2)
  3 hobgoblins
  A kobold (D:2)
  A quokka (D:1)
  3 ball pythons (D:1)
  3 bats
17 creatures vanquished.

Notes
Turn   | Place    | Note
-------+----------+-------------------------------------------
     0 | D:1      | styxcanada the Spriggan Brigand began the quest for the
                  | Orb.
     0 | D:1      | Reached XP level 1. HP: 10/10 MP: 2/2
    58 | D:1      | Reached skill level 6 in Stealth
   113 | D:1      | You fall into a shaft and drop 1 floor!
   211 | D:2      | Noticed a scorpion
   213 | D:2      | Killed a scorpion
   214 | D:2      | Reached skill level 7 in Stealth
   214 | D:2      | Reached XP level 2. HP: 15/15 MP: 3/3
   214 | D:2      | Reached XP level 3. HP: 18/18 MP: 4/4
   461 | D:1      | Reached XP level 4. HP: 23/23 MP: 5/5
  1270 | D:2      | Noticed Natasha
  1285 | D:2      | Mangled by Natasha

Illustrated notes

Levels and vault maps discovered:
D:1:      dpeg_arrival_boxes_within_box, layout_basic
D:2:      layout_loops_corners, minmay_unequal, uniq_natasha

Skill      XL: |  1 |
---------------+----+-----
Stealth        | 7 |  7.9
Dodging        | 2 |  2.2
Fighting       | |  1.9
Short Blades   | |  2.4
Throwing       | |  2.1
Evocations     | |  0.1

Action                   |  1- 3 |  4- 6 || total
-------------------------+-------+-------++-------
Melee: Dagger            |    15 |    28 ||    43
Throw: Dart              |     2 |     1 ||     3
 Stab: Sleeping          |     3 |     6 ||     9
Armor: Robe              |       |     1 ||     1
Dodge: Dodged            |     9 |    11 ||    20
